 Dungeon Crawl Stone Soup version 0.20-a0-16-g0876c8e (webtiles) character file.

14 KristoblXynda the Scratcher (level 2, 0/12 HPs)
             Began as a Felid Transmuter on Nov 3, 2016.
             Slain by a bat (1 damage)
             ... on level 1 of the Dungeon.
             The game lasted 00:01:08 (630 turns).

KristoblXynda the Scratcher (Felid Transmuter)       Turns: 630, Time: 00:01:09

Health: 0/12       AC:  1    Str:  6    XL:     2   Next: 31%
Magic:  6/6        EV: 18    Int: 14    God:
Gold:   23         SH:  0    Dex: 16    Spells: 1 memorised, 4 levels left
                                        Lives:  0   Deaths: 0

rFire  . . .     SeeInvis +       - Unarmed
rCold  . . .     Gourm    .     (armour unavailable)
rNeg   . . .     Faith    .     (shield unavailable)
rPois  .         Spirit   .     (helmet unavailable)
rElec  .         Reflect  .     (cloak unavailable)
rCorr  .         Harm     .     (gloves unavailable)
MR     .....                    (boots unavailable)
Stlth  ++........               (no amulet)
                                (no ring)
                                (no ring)

@: quick
A: no armour, no weapons or thrown items, stealth, claws 1, fangs 3, see
invisible, carnivore 3, speed 1, shaggy fur 1, slow metabolism 1, sharp paws
a: no special abilities


You were on level 1 of the Dungeon.
You were full.

You visited 1 branch of the dungeon, and saw 1 of its levels.

You collected 23 gold pieces.

Inventory:

Missiles
 a - 12 arrows
Scrolls
 d - 2 scrolls of identify {unknown}
 e - a scroll of amnesia {unknown}
Books
 b - a book of Changes

   Spells                             Type                      Level
   a - Beastly Appendage              Transmutation                1
   b - Sticks to Snakes               Transmutation                2
   c - Spider Form                    Transmutation/Poison         3
   d - Ice Form                       Ice/Transmutation            4
   e - Blade Hands                    Transmutation                5
Comestibles
 c - a meat ration


   Skills:
 - Level 1.0 Fighting
 - Level 2.6 Dodging
 * Level 3.6 Unarmed Combat
 - Level 2.0 Spellcasting
 + Level 2.4 Transmutations


You had 4 spell levels left.
You knew the following spells:

 Your Spells              Type           Power        Failure   Level  Hunger
a - Beastly Appendage     Tmut           #.....       12%         1    ##.....


Dungeon Overview and Level Annotations

Branches:
Dungeon (1/15)

Altars:


Innate Abilities, Weirdness & Mutations

You cannot wear armour.
You are incapable of wielding weapons or throwing items.
Your paws allow you to move quietly. (Stealth)
You have sharp claws.
You have razor-sharp teeth.
You have supernaturally acute eyesight. (SInv)
You are carnivorous and can eat meat at any time.
You cover ground quickly.
You are covered in fur. (AC +1)
You have a slow metabolism.
Your sharp claws are effective at attacking unaware monsters.


Message History

The bat misses you. The bat hits you but does no damage.
You closely miss the bat. The bat barely misses you.
The bat closely misses you.
You miss the bat. The bat barely misses you. The bat closely misses you.
You closely miss the bat. The bat hits you.
* * * LOW HITPOINT WARNING * * *
The bat misses you.
You barely miss the bat. The bat closely misses you.
The bat hits you but does no damage.
You barely miss the bat. The bat misses you. The bat barely misses you.
You closely miss the bat. The bat misses you. The bat misses you.
The bat misses you. The bat hits you.
* * * LOW HITPOINT WARNING * * *
You completely miss the bat. You bite the bat, but do no damage.
The bat hits you but does no damage. The bat hits you.
You die...

...##........# #..# ##..##.###.
## ##.......# #..# ##..#.# #.
##........###..# ##...###.
##..............#######.....##)
#..............................
#...##.####.###.###............
#....†..............#.........†
#...##....####..#####..........
#...#####.#...@................
#...# #.#...b................
##### #......................
##.###########......... #...#
##.....##. ###.# #####.###
####.############......
#.........>............
#####...###...#####...#


You could see a bat.

Vanquished Creatures
  A giant cockroach (D:1)
  3 goblins (D:1)
  3 bats (D:1)
  A frilled lizard (D:1)
  4 kobolds (D:1)
  4 rats (D:1)
16 creatures vanquished.

Vanquished Creatures (others)
  A hobgoblin (D:1)
1 creature vanquished.

Grand Total: 17 creatures vanquished

Notes
Turn   | Place    | Note
-------+----------+-------------------------------------------
     0 | D:1      | KristoblXynda the Felid Transmuter began the quest for the Orb.
     0 | D:1      | Reached XP level 1. HP: 9/9 MP: 4/4
   326 | D:1      | Reached XP level 2. HP: 6/12 MP: 6/6
   630 | D:1      | Slain by a bat

Vault maps used:
D:1:      saegor_arrival_miasma

Action                   || total
-------------------------++-------
Melee: Unarmed           ||    48
       Bite              ||     2
       Headbutt          ||     1
 Cast: Beastly Appendage ||     1
 Stab: Sleeping          ||     1
  Eat: Chunk             ||     3
Armor: Skin              ||     5
Dodge: Dodged            ||    49
